AoeStats
← EisenEgon

Arabia

509581300Analyzed
1v1 RM · 3d ago on Sep 27, 2026· 24m 6s· 2 players
Game mode
Random Map
Map size
Tiny (2 player)
Population
200
Speed
Normal
Resources
Standard
Victory
Conquest
Starting age
Dark Age
Ending age
Imperial Age
RankedLock teamsTeams togetherTeam positionsShared explorationLock speedFull tech treeHidden civsTurbo modeCheats
Victory
Defeat
🇩🇪 Celts · Germany
1308
+15
🇩🇪 Vietnamese · Germany
1297
-15
EisenEgon
6:36 Loom
9:06 Feudal Age
10:23 Double-Bit Axe
15:16 Fletching
21:21 Castle Age
19:29 Horse Collar
20:08 Gold Mining
21:22 Crossbowman
22:05 Bodkin Arrow
23:52 Bow Saw
Raseur
6:04 Loom
8:31 Feudal Age
9:05 Double-Bit Axe
16:32 Wheelbarrow
17:15 Padded Archer Armor
20:34 Castle Age
19:14 Fletching
19:21 Horse Collar
21:11 Bodkin Arrow
21:10 Elite Skirmisher
Connection lost

Rejoining the realm…

Still unreachable

The connection could not be restored.

Session expired

The server has moved on; the page needs a fresh start.